 Dungeon Crawl Stone Soup version 0.32-a0-768-g0f6f1dd4b9 (webtiles) character file.

Game seed: 3987811481425465704

875 Drazool the Grave Robber (level 7, 0/52 HPs)
             Began as a Mummy Necromancer on Mar 18, 2024.
             Slain by a wight
             ... wielding a +3 mace
              (9 damage)
             ... on level 4 of the Dungeon.
             The game lasted 00:18:38 (5122 turns).

Drazool the Grave Robber (Mummy Necromancer)        Turns: 5122, Time: 00:18:39

Health: 0/52       AC:  8    Str: 12    XL:     7   Next: 74%
Magic:  14/14      EV: 11    Int: 25    God:
Gold:   62         SH:  0    Dex: 12    Spells: 11/16 levels left

rFire   x . .        l - +1 mace (drain)
rCold   + + .        (no shield)
rNeg    + + +        n - +2 robe {rC+}
rPois   ∞            b - +2 helmet {Int+3}
rElec   .            q - +0 cloak
rCorr   .            (no gloves)
SInv    .            (no boots)
Will    .....        p - amulet of magic regeneration
Stlth   ++           I - +6 ring of intelligence
HPRegen 0.28/turn    (no ring)
MPRegen 0.54/turn

%: faith
@: no status effects
A: cold resistance 1, negative energy resistance 3, torment resistance 2, heat
vulnerability 1, in touch with death 1, no potions, faith
a: no special abilities


You were on level 4 of the Dungeon.
You visited 1 branch of the dungeon, and saw 5 of its levels.

You collected 220 gold pieces.
You spent 158 gold pieces at shops.


Innate Abilities, Weirdness & Mutations

You are immune to poison.
Your flesh is cold resistant. (rC+)
You are immune to negative energy. (rN+++)
You are immune to unholy pain and torment.
You are vulnerable to heat. (rF-)
You are in touch with the powers of death.
You do not drink.
You have a special connection with the divine. (Faith)


   Skills:
 - Level 3.0 Fighting
 - Level 3.0 Dodging
 - Level 3.0 Stealth
 - Level 5.0 Spellcasting
 + Level 6.1 Necromancy
 - Level 3.0 Evocations


You had 11 spell levels left.
You knew the following spells:

 Your Spells              Type           Power      Damage    Failure   Level
f - Freeze                Ice            24%        1d4       9%          1
v - Vampiric Draining     Necr           53%        2d9       1%          3
X - Necrotise             Necr           100%       1d9       1%          1

Your spell library contained the following spells:

 Spells                   Type           Power      Damage    Failure   Level
 Animate Dead             Necr           53%        N/A       7%          4
 Ensorcelled Hibernation  Hex/Ice        12%        N/A       12%         2
 Curse of Agony           Necr           53%        N/A       19%         5
 Frozen Ramparts          Ice            12%        1d2       24%         3
 Hailstorm                Conj/Ice       6%         3d5       24%         3
 Passwall                 Erth           6%         N/A       24%         3
 Swiftness                Air            6%         N/A       24%         3

Inventory:

Hand Weapons
 f - a +0 dagger
 l - a +1 mace of draining (weapon)
Missiles
 m - 6 poisoned darts
Armour
 b - a +2 helmet of intelligence (worn)
 i - a +2 leather armour of cold resistance
 n - a +2 robe of cold resistance (worn)
 q - a +0 cloak (worn)
Jewellery
 p - an amulet of magic regeneration (around neck)
 I - a +6 ring of intelligence (left hand)
Scrolls
 c - 3 scrolls of revelation
 d - a scroll of enchant weapon
 g - a scroll of torment
 h - 2 scrolls of butterflies
 j - 2 scrolls of vulnerability
 k - a scroll of immolation
 o - a scroll of teleportation {@r2}

Dungeon Overview and Level Annotations

Branches:
Dungeon (5/15)
 Temple: D:4-7

Altars:

Shops:
D:5 !*[

Annotations:
D:3 exclusion: white imp
D:4 1 runed translucent door, hecktor's ghost, amateur FoHu

###############
#.............#
#.###..#.##@#.#
#.###..#.##z#.#
#.#.....÷...#.#
#....>.#.#..#.#####
#...÷.............#
#......##########.########
##.##### #...........# #.#
#.##.#.####.# #.#
#.##.#.####.#


You could see a wight.


Message History

You barely miss the wight.
The wight is heavily damaged.
The wight barely misses you. The wight hits you with a +3 mace.
* * * LOW HITPOINT WARNING * * *
You hit the wight.
The wight is almost destroyed.
The wight hits you with a +3 mace.
* * * LOW HITPOINT WARNING * * *
You barely miss the wight.
The wight is almost destroyed.
The wight hits you with a +3 mace.
* * * LOW HITPOINT WARNING * * *
You hit the wight.
The wight is almost destroyed.
The wight hits you with a +3 mace.
* * * LOW HITPOINT WARNING * * *
The wight hits you with a +3 mace!
* * * LOW HITPOINT WARNING * * *
You barely miss the wight.
The wight is almost destroyed.
The wight barely misses you.
Unknown command.
You barely miss the wight.
The wight is almost destroyed.
The wight closely misses you. The wight barely misses you.
Unknown command.
You closely miss the wight.
The wight is almost destroyed.
The wight hits you with a +3 mace!
You die...

Skill      XL: |  1  2  3  4  5  6  7 |
---------------+----------------------+-----
Spellcasting   | 3 4 5 |  5.0
Necromancy     | 5 6 |  6.1
Fighting       | 2 3 |  3.0
Dodging        | 3 |  3.0
Stealth        | 2 3 |  3.0
Evocations     | 3 |  3.0

Action                     |  1- 3 |  4- 6 |  7- 9 || total
---------------------------+-------+-------+-------++-------
  Melee: Unarmed           |     2 |     5 |       ||     7
         Dagger            |       |    83 |       ||    83
         Mace              |       |    30 |    53 ||    83
  Throw: Dart              |       |       |     1 ||     1
   Cast: Necrotise         |    73 |    66 |    22 ||   161
         Vampiric Draining |       |    15 |     2 ||    17
         Freeze            |       |     1 |       ||     1
  Evoke: Wand              |       |     3 |     1 ||     4
    Use: Scroll            |       |     6 |     3 ||     9
   Stab: Distracted        |       |     1 |       ||     1
         Paralysed         |       |    13 |     1 ||    14
 Armour: Robe              |     5 |    81 |    44 ||   130
  Dodge: Dodged            |     6 |    64 |    34 ||   104

Levels and vault maps discovered:
D:1:      dpeg_arrival_pits, layout_rooms, corexii_hall_statues_s,
          serial_park_tiny_2
D:2:      layout_rooms, nicolae_ecumenical_snake_handling, uniq_robin
D:3:      layout_basic, serial_undead, serial_undead_d, serial_undead_f,
          serial_undead_b, serial_undead_b, uniq_ijyb
D:4:      layout_loops_cross, nicolae_overflow_crystal_walls,
          ebering_ghost_inner_flame, uniq_duvessa, uniq_menkaure
D:5:      layout_gridville, serial_shops, shop, nicolae_shop_back_alley_shop,
          shop, nicolae_shop_industrial_runoff

Notes
Turn   | Place    | Note
-------+----------+-------------------------------------------
     0 | D:1      | Drazool the Mummy Necromancer began the quest for the Orb.
     0 | D:1      | Reached XP level 1. HP: 13/13 MP: 4/4
    43 | D:1      | Reached skill level 3 in Spellcasting
   126 | D:1      | Reached XP level 2. HP: 19/19 MP: 0/6
   424 | D:1      | Reached skill level 4 in Spellcasting
   863 | D:2      | Reached XP level 3. HP: 24/24 MP: 2/9
   867 | D:2      | Learned a level 3 spell: Vampiric Draining
  1148 | D:2      | Found a faded altar of an unknown god.
  1204 | D:2      | Reached skill level 5 in Spellcasting
  1218 | D:2      | Noticed Robin
  1412 | D:2      | Killed Robin
  1413 | D:2      | Reached XP level 4. HP: 30/30 MP: 6/11
  2160 | D:3      | Learned a level 1 spell: Freeze
  2310 | D:3      | Reached skill level 5 in Necromancy
  2412 | D:3      | Reached XP level 5. HP: 15/35 MP: 7/12
  2633 | D:3      | Noticed Ijyb
  2637 | D:3      | Killed Ijyb
  2749 | D:4      | Noticed Dowan
  2865 | D:4      | Noticed Menkaure
  2865 | D:4      | Noticed a phantom
  2902 | D:4      | Killed Menkaure
  2903 | D:4      | Reached skill level 6 in Necromancy
  2903 | D:4      | Reached skill level 2 in Fighting
  2903 | D:4      | Reached XP level 6. HP: 44/44 MP: 13/13
  3342 | D:4      | Reached skill level 3 in Fighting
  3368 | D:4      | Reached skill level 2 in Dodging
  3575 | D:4      | Found a runed translucent door.
  3576 | D:4      | Noticed hecktor's ghost (amateur FoHu)
  3598 | D:4      | Reached skill level 3 in Dodging
  3985 | D:4      | Noticed Duvessa
  3997 | D:4      | Killed Duvessa
  3998 | D:4      | Reached skill level 2 in Stealth
  3998 | D:4      | Reached XP level 7. HP: 44/52 MP: 4/14
  4003 | D:4      | HP: 5/52 [Dowan/stone arrow (15)]
  4005 | D:4      | Killed Dowan
  4006 | D:4      | Reached skill level 3 in Stealth
  4266 | D:5      | Entered Level 5 of the Dungeon
  4322 | D:5      | Reached skill level 1 in Evocations
  4372 | D:5      | Identified a +2 robe of resistance
  4489 | D:5      | Found Xopto's Assorted Antiques.
  4547 | D:5      | Bought a scroll labelled BUIWNO FACU for 26 gold pieces
  4547 | D:5      | Bought a scroll labelled SETHRE OJIUDDEELIR for 26 gold
                  | pieces
  4547 | D:5      | Bought a scroll of identify for 52 gold pieces
  4549 | D:5      | Acquired a +2 helmet of intelligence
  4640 | D:5      | Found Seen's Armour Emporium.
  4651 | D:5      | Bought a +0 cloak for 54 gold pieces
  4679 | D:5      | Found Eqev's Distillery.
  4822 | D:4      | Reached skill level 2 in Evocations
  4971 | D:5      | Reached skill level 3 in Evocations
  5122 | D:4      | Slain by a wight

Vanquished Creatures
  Menkaure (D:4)
  Duvessa (D:4)
  An ice beast (D:5)
  2 phantoms (D:4)
  Dowan (D:4)
  2 hounds (D:4)
  An orc priest (D:4)
  An iguana (D:5)
  Ijyb (D:3)
  Robin (D:2)
  3 gnolls (D:5)
  A howler monkey skeleton (D:3)
  5 adders
  A white imp (D:5)
  2 adder zombies (D:3)
  An adder skeleton (D:3)
  2 dart slugs
  A ribbon worm (D:2)
  5 orcs
  5 bats
  13 endoplasms
  4 giant cockroaches
  13 goblins
  7 hobgoblins
  A jackal (D:4)
  7 kobolds
  3 quokkas
  9 ball pythons
  A frilled lizard (D:2)
  A quokka zombie (D:3)
  2 rats
99 creatures vanquished.

Vanquished Creatures (collateral kills)
  An adder (D:4)
  An adder zombie (D:3)
  An orc (D:4)
  A goblin (D:2)
  A jackal (D:4)
  A quokka (D:1)
  A ball python (D:2)
  A rat (D:1)
8 creatures vanquished.

Grand Total: 107 creatures vanquished

Table legend: (Time is in decaauts)
 A = Elapsed time spent in this place.
 B = Non-inter-level travel time spent in this place.
 C = Inter-level travel time spent in this place.
 D = Time resting spent in this place.
 E = Time spent auto-exploring this place.
 F = Levels seen in this place.
 G = Mean time per level.
                   A        B        C        D        E       F      G
               +--------+--------+--------+--------+--------+-----+--------+
         Total |   5161 |   4768 |    393 |    891 |   2699 |   5 | 1032.2 |
       Dungeon |   5161 |   4768 |    393 |    891 |   2699 |   5 | 1032.2 |
               +--------+--------+--------+--------+--------+-----+--------+

Top non-repeatable levels by time:
     D:4: 1657 daAuts
     D:3: 1052 daAuts
     D:2: 1029 daAuts
     D:1: 789 daAuts
     D:5: 633 daAuts

Table legend:
 A = Non-vault XP
 B = Vault XP
 C = Vault XP percentage of total XP
 D = Non-vault monster count
 E = Vault monster count
 F = Vault count percentage of total count
                 A         B        C        D         E       F
            +---------+---------+-------+---------+---------+-------
      Total |     762 |     488 |  39.0 |      79 |      28 |  26.2
            +---------+---------+-------+---------+---------+-------
        D:1 |      30 |       2 |   6.2 |      17 |       1 |   5.6
        D:2 |      36 |      42 |  53.8 |      14 |      17 |  54.8
        D:3 |      64 |      73 |  53.3 |      15 |       7 |  31.8
        D:4 |     409 |     371 |  47.6 |      25 |       3 |  10.7
        D:5 |     223 |       0 |   0.0 |       8 |       0 |   0.0
            +---------+---------+-------+---------+---------+-------
